 Dungeon Crawl Stone Soup version 0.18-a0-1195-g77a4f03 (webtiles) character file.

18 Duffy the Firebug (level 2, 0/16 HPs)
             Began as a Deep Elf Fire Elementalist on Jan 29, 2016.
             Slain by a giant gecko (3 damage)
             ... on level 2 of the Dungeon.
             The game lasted 00:01:01 (885 turns).

Duffy the Firebug (Deep Elf Fire Elementalist)       Turns: 885, Time: 00:01:02

Health: 0/16       AC:  2    Str:  7    XL:     2   Next: 48%
Magic:  0/8        EV: 13    Int: 19    God:
Gold:   79         SH:  0    Dex: 15    Spells: 1 memorised, 6 levels left

rFire  . . .     SeeInvis .     (no weapon)
rCold  . . .     Gourm    .     a - +0 robe
rNeg   . . .     Faith    .     (no shield)
rPois  .         Spirit   .     (no helmet)
rElec  .         Dismiss  .     (no cloak)
rCorr  .         Reflect  .     (no gloves)
SustAt .         Harm     .     (no boots)
MR     .....                    (no amulet)
Stlth  ++........               (no ring)
                                g - +2 ring of strength

@: very slightly contaminated, not resistant to hostile enchantments, unstealthy
A: no striking features
a: no special abilities


You were on level 2 of the Dungeon.
You were not hungry.

You visited 1 branch of the dungeon, and saw 2 of its levels.

You collected 79 gold pieces.


   Skills:
 + Level 1.1 Fighting
 - Level 2.4 Dodging
 - Level 2.4 Stealth
 - Level 3.0 Spellcasting
 + Level 2.1 Conjurations
 - Level 3.2 Fire Magic


You had 6 spell levels left.
You knew the following spells:

 Your Spells              Type           Power        Failure   Level  Hunger
a - Flame Tongue          Conj/Fire      ##...        8%          1    None

Inventory:

Armour
 a - a +0 robe (worn)
Jewellery
 g - a +2 ring of strength (left hand)
Scrolls
 e - a scroll of magic mapping {unknown}
 h - a scroll of immolation {unknown}
Potions
 d - a potion of brilliance {unknown}
 f - a potion of agility {unknown}
Books
 b - a book of Flames
Comestibles
 c - a bread ration

Dungeon Overview and Level Annotations

Branches:
Dungeon (2/15)

Altars:
Makhleb


Message History

Cast which spell? (? or * to list)
You don't have enough magic to cast that spell.
Cast which spell? (? or * to list)
You don't have enough magic to cast that spell.
Cast which spell? (? or * to list)
You don't have enough magic to cast that spell.
Cast which spell? (? or * to list)
You don't have enough magic to cast that spell.
Cast which spell? (? or * to list)
You don't have enough magic to cast that spell.
Cast which spell? (? or * to list)
You don't have enough magic to cast that spell.
Cast which spell? (? or * to list)
You don't have enough magic to cast that spell.
Cast which spell? (? or * to list)
You don't have enough magic to cast that spell.
Cast which spell? (? or * to list)
Aiming: Flame Tongue
Press: ? - help, Shift-Dir - straight line, f - giant gecko
Aim: a giant gecko (clinging)
You miscast Flame Tongue.
You are very lightly contaminated with residual magic.
You feel a strange surge of energy! The giant gecko bites you.
You see here a battleaxe.
The giant gecko closely misses you. The giant gecko barely misses you.
Cast which spell? (? or * to list)
Aiming: Flame Tongue
Press: ? - help, Shift-Dir - straight line, f/p - giant gecko
Aim: a giant gecko The flame tongue hits the giant gecko.
The giant gecko is moderately wounded.
The giant gecko bites you.
You die...

.# ..# ........# ...#..## .......
#.##..######...#.##
#..##.....##...#..###
#..............#...##.
#........##..#........
#........##....#......
#....@l.....)......# ######
###....####......#... .....#
#####...##........##.#
.<...###.....#..###.....###.#####
.........######..##.##..# #......
########## #..#.##... #......
#}#}## .... .....#...... ~~0~~#
................. ~...~##
................


You could see a giant gecko.

Action                   || total
-------------------------++-------
 Cast: Flame Tongue      ||    32

Notes
Turn   | Place    | Note
--------------------------------------------------------------
     0 | D:1      | Duffy the Deep Elf Fire Elementalist began the quest for the Orb.
     0 | D:1      | Reached XP level 1. HP: 10/10 MP: 6/6
   299 | D:1      | Reached XP level 2. HP: 13/16 MP: 2/8
   386 | D:1      | Reached skill level 1 in Fighting
   811 | D:2      | Found a burning altar of Makhleb.
   866 | D:2      | Reached skill level 2 in Conjurations
   885 | D:2      | Slain by a giant gecko

Vault maps used:
D:1:      minmay_arrival_diagonal_passages
D:2:      lightli_temple_of_fire, ecumenical_altar_1, serial_bayou_lake_a,
          uniq_iyjb

Vanquished Creatures
  A worm
  2 bats
  3 giant cockroaches
  A hobgoblin
  2 kobolds
  2 giant newts
  3 rats
14 creatures vanquished.
